 Dungeon Crawl Stone Soup version 0.29-a0-364-g921d912d32 (webtiles) character file.

Game seed: 873912942634082394

403 holysushi the Slicer (level 7, -3/44 HPs)
             Began as a Kobold Monk on May 1, 2022.
             Was a Priest of Uskayaw.
             Slain by a gnoll shaman
             ... wielding a +0 whip
              (6 damage)
             ... on level 5 of the Dungeon.
             The game lasted 00:03:53 (4113 turns).

holysushi the Slicer (Kobold Monk)                  Turns: 4113, Time: 00:03:53

Health: -3/44      AC:  4    Str: 15    XL:     7   Next: 11%
Magic:  2/2        EV: 16    Int: 11    God:    Uskayaw [***...]
Gold:   176        SH:  0    Dex: 19    Spells: 6/6 levels left

rFire   . . .      SeeInvis .   j - +2 dagger (antimagic)
rCold   . . .      Faith    .   (no shield)
rNeg    . . .      Spirit   .   b - +0 robe
rPois   .          Reflect  .   (no helmet)
rElec   .          Harm     .   m - +1 cloak
rCorr   .          Rampage  .   (no gloves)
Will    .....                   (no boots)
Stlth   +++.......              (no amulet)
HPRegen 0.14/turn               f - +6 ring of strength
MPRegen 0.08/turn               (no ring)

@: attractive
A: small, no large weapons, nightstalker 3
a: Renounce Religion, Stomp, Line Pass


You were on level 5 of the Dungeon.
You worshipped Uskayaw.
Uskayaw was noncommittal.
You visited 1 branch of the dungeon, and saw 5 of its levels.

You collected 176 gold pieces.

Inventory:

Hand Weapons
 a - a +0 short sword
 j - a +2 antimagic dagger (weapon)
 l - a +0 dagger of flaming
Armour
 b - a +0 robe (worn)
 m - a +1 cloak (worn)
Jewellery
 f - a +6 ring of strength (left hand)
Scrolls
 c - a scroll of acquirement {unknown}
 d - 3 scrolls of blinking {unknown}
 e - a scroll of immolation {unknown}
 g - 2 scrolls of summoning {unknown}
 h - 6 scrolls of identify {unknown}
 i - 2 scrolls of magic mapping {unknown}
 n - a scroll of silence {unknown}
 o - a scroll of enchant armour {unknown}
 q - a scroll of fog {unknown}
 r - 2 scrolls of teleportation {unknown}
Potions
 s - a potion of might {unknown}
 u - 2 potions of attraction


   Skills:
 + Level 5.2 Fighting
 + Level 8.0 Short Blades
 * Level 3.8 Dodging
 - Level 2.6 Stealth
 - Level 2.0 Invocations


You had 6 spell levels left.
You didn't know any spells.
Your spell library contained the following spells:

 Spells                   Type           Power      Damage    Failure   Level
 Beastly Appendage        Tmut           0%         N/A       34%         1
 Magic Dart               Conj           0%         1d3       34%         1
 Call Imp                 Summ           0%         N/A       47%         2
 Corpse Rot               Necr/Air       0%         N/A       47%         2
 Poisonous Vapours        Pois/Air       0%         N/A       47%         2
 Wereblood                Tmut           0%         N/A       47%         2
 Mephitic Cloud           Conj/Pois/Air  0%         N/A       71%         3
 Spider Form              Tmut/Pois      0%         N/A       71%         3


Dungeon Overview and Level Annotations

Branches:
Dungeon (5/15)             Temple (0/1) D:4

Altars:
Uskayaw
Xom

Annotations:
D:4 3 runed translucent doors


Innate Abilities, Weirdness & Mutations

You are small and have problems with some larger weapons.
You are completely attuned to the shadows.


Message History

The gnoll is lightly wounded.
You barely miss the gnoll shaman.
The gnoll shaman is moderately wounded.
You hit the gnoll shaman.
The gnoll shaman is heavily wounded.
You hit the gnoll shaman but do no damage.
The gnoll shaman is heavily wounded.
You hit the gnoll shaman.
The gnoll shaman is heavily wounded.
The gnoll shaman hits you with a +0 whip!
You closely miss the gnoll shaman.
The gnoll shaman is heavily wounded.
The gnoll shaman misses you.
You hit the gnoll shaman but do no damage.
The gnoll shaman is heavily wounded.
You barely miss the gnoll shaman.
The gnoll shaman is heavily wounded.
The gnoll shaman hits you but does no damage.
You are too injured to fight recklessly!
Unknown command.
You hit the gnoll shaman.
The gnoll shaman is heavily wounded.
You hit the gnoll shaman but do no damage.
The gnoll shaman is heavily wounded.
The gnoll shaman misses you.
You barely miss the gnoll shaman.
The gnoll shaman is heavily wounded.
The gnoll shaman hits you with a +0 whip!
* * * LOW HITPOINT WARNING * * *
You barely miss the gnoll shaman.
The gnoll shaman is heavily wounded.
Unknown command.
It was a potion of attraction.
You feel attractive to monsters. The gnoll shaman completely misses you.
It was a potion of cancellation.
Your magical effects are unravelling.
You feel magically purged.
The gnoll shaman hits you with a +0 whip.
You die...

###....# ....=..#
.......##. ..........
.......... ####
....#gg... ..## #...
....#g#### ...# #...
....#@#########.###...
......................
..###.######....#.##.
# #..# #..[.#.##. ...#
#....#.... .....
#...#####. ##'#######.
.##........#
...........#


You could see a gnoll shaman and 2 gnolls.

Vanquished Creatures
  A black bear (D:4)
  A phantom (D:4)
  A scorpion (D:4)
  A scorpion zombie (D:3)
  A gnoll (D:5)
  5 adders
  A white imp (D:5)
  2 worms
  2 dart slugs (D:3)
  2 orcs
  3 ball pythons
  9 endoplasms
  2 giant cockroaches
  6 goblins
  4 hobgoblins (D:1)
  10 jackals
  7 kobolds
  3 quokkas
  A ball python skeleton (D:3)
  4 bats
  3 frilled lizards
  A giant cockroach zombie (D:3)
  2 jackal skeletons (D:3)
  A quokka zombie (D:3)
  7 rats
80 creatures vanquished.

Vanquished Creatures (others)
  2 withered plants (D:3)
2 creatures vanquished.

Grand Total: 82 creatures vanquished

Notes
Turn   | Place    | Note
-------+----------+-------------------------------------------
     0 | D:1      | holysushi the Kobold Monk began the quest for the Orb.
     0 | D:1      | Reached XP level 1. HP: 14/14 MP: 1/1
    63 | D:1      | Found a faded altar of an unknown god.
    82 | D:1      | Reached XP level 2. HP: 17/19 MP: 2/2
    92 | D:1      | Prayed at the altar of an unknown god.
    92 | D:1      | Became a worshipper of Uskayaw the Reveller
    92 | D:1      | Reached * piety under Uskayaw
    92 | D:1      | Reached ** piety under Uskayaw
   527 | D:1      | Reached XP level 3. HP: 18/23 MP: 3/3
   887 | D:1      | Reached skill level 5 in Short Blades
  1274 | D:2      | Reached skill level 1 in Invocations
  1483 | D:2      | Found a shimmering altar of Xom.
  1485 | D:2      | Reached XP level 4. HP: 29/29 MP: 1/4
  2494 | D:3      | Reached XP level 5. HP: 33/33 MP: 2/6
  2748 | D:3      | Reached skill level 6 in Short Blades
  3028 | D:4      | Noticed a black bear
  3031 | D:4      | Killed a black bear
  3032 | D:4      | Reached skill level 7 in Short Blades
  3032 | D:4      | Reached XP level 6. HP: 39/39 MP: 2/7
  3348 | D:4      | Reached skill level 5 in Fighting
  3348 | D:4      | Reached XP level 7. HP: 44/44 MP: 2/8
  3586 | D:4      | Found a staircase to the Ecumenical Temple.
  3687 | D:4      | Found a runed translucent gate.
  3687 | D:4      | Found a runed translucent gate.
  3688 | D:4      | Found a runed translucent gate.
  3889 | D:5      | Entered Level 5 of the Dungeon
  4085 | D:5      | Reached skill level 8 in Short Blades
  4095 | D:5      | Reached *** piety under Uskayaw
  4113 | D:5      | Slain by a gnoll shaman

Illustrated notes

Levels and vault maps discovered:
D:1:      ncdulo_halloftheorcs, layout_basic, basic_ecumenical_altar,
          minmay_pentomino_t2
D:2:      layout_loops_ring, basic_altar
D:3:      layout_rooms, serial_undead, serial_undead_e, serial_undead_b,
          serial_undead_b, serial_undead_e, serial_undead_f, serial_undead_a,
          st_stairs_4
D:4:      nicolae_BIG_FREAKIN_CUBE, layout_loops_ring,
          minmay_temple_entry_gardened_gates, gammafunk_ghost_cemetery,
          hangedman_decor_growths
D:5:      layout_basic

Skill      XL: |  1  2  3  4  5  6  7 |
---------------+----------------------+-----
Short Blades   | 5 7 8 |  8.0
Invocations    | 1 2 |  2.0
Fighting       | 4 5 |  5.2
Dodging        | |  3.8
Stealth        | |  2.6

Action                   |  1- 3 |  4- 6 |  7- 9 || total
-------------------------+-------+-------+-------++-------
Melee: Short sword       |    38 |       |       ||    38
       Punch             |     1 |       |       ||     1
       Dagger            |    17 |   153 |    62 ||   232
  Use: Potion            |       |     3 |     2 ||     5
 Stab: Sleeping          |    17 |    15 |     4 ||    36
       Distracted        |     1 |     1 |       ||     2
Armor: Robe              |       |    30 |     2 ||    32
Dodge: Dodged            |    16 |    96 |    25 ||   137

Table legend: (Time is in decaauts)
 A = Elapsed time spent in this place.
 B = Non-inter-level travel time spent in this place.
 C = Inter-level travel time spent in this place.
 D = Time resting spent in this place.
 E = Time spent auto-exploring this place.
 F = Levels seen in this place.
 G = Mean time per level.
                   A        B        C        D        E       F      G
               +--------+--------+--------+--------+--------+-----+--------+
         Total |   4033 |   3942 |     91 |    385 |   2939 |   5 |  806.6 |
       Dungeon |   4033 |   3942 |     91 |    385 |   2939 |   5 |  806.6 |
               +--------+--------+--------+--------+--------+-----+--------+

Top non-repeatable levels by time:
     D:1: 1196 daAuts
     D:3: 997 daAuts
     D:4: 938 daAuts
     D:2: 696 daAuts
     D:5: 204 daAuts
